 Dungeon Crawl Stone Soup version 0.25-a0-578-gc91f01c39c (webtiles) character file.

Game seed: 361724197542904014, levelgen mode: deterministic

52 An17 the Bolt Thrower (level 3, -1/19 HPs)
             Began as a Vine Stalker Wanderer on Mar 3, 2020.
             Slain by a worm (4 damage)
             ... on level 2 of the Dungeon.
             The game lasted 00:04:46 (1134 turns).

An17 the Bolt Thrower (Vine Stalker Wanderer)       Turns: 1134, Time: 00:04:46

Health: -1/19      AC:  6    Str: 18    XL:     3   Next: 85%
Magic:  0/4        EV:  9    Int: 11    God:
Gold:   36         SH:  0    Dex: 11    Spells: 2/2 levels left

rFire    + . .     SeeInvis .   a - +2 dagger
rCold    . . .     Gourm    .   (no shield)
rNeg     . . .     Faith    .   i - +0 scale mail
rPois    .         Spirit   +   (no helmet)
rElec    .         Reflect  .   (no cloak)
rCorr    .         Harm     .   (no gloves)
MR       .....                  (no boots)
Stlth    ..........             (no amulet)
HPRegen  0.06/turn              c - ring of protection from fire
MPRegen  0.09/turn              (no ring)

@: no status effects
A: fangs 2, magic shield, antimagic bite, no potion heal 3, rot immunity
a: no special abilities


You were on level 2 of the Dungeon.
You were hungry.

You visited 1 branch of the dungeon, and saw 2 of its levels.

You collected 36 gold pieces.

Inventory:

Hand Weapons
 a - a +2 dagger (weapon)
Missiles
 e - 3 curare-tipped darts (quivered)
Armour
 i - a +0 scale mail (worn)
Jewellery
 c - a ring of protection from fire (left hand)
Wands
 d - a wand of random effects (15)
Scrolls
 b - 2 scrolls of blinking
Potions
 g - a potion of curing
 h - 2 potions of might
Comestibles
 f - 4 rations


   Skills:
 + Level 2.9 Fighting
 + Level 1.2 Short Blades
   Level 3.6 Crossbows
 + Level 1.6 Armour
 + Level 0.3 Dodging
 + Level 1.8 Stealth
 + Level 1.0 Evocations


You had 2 spell levels left.
You didn't know any spells.
Your spell library was empty.

Dungeon Overview and Level Annotations

Branches:
Dungeon (2/15)

Altars:


Innate Abilities, Weirdness & Mutations

You have extremely sharp teeth.
When hurt, damage is shared between your health and your magic reserves.
Your bite disrupts and absorbs the magic of your enemies.
Potions cannot restore your health.
You are immune to rotting.


Message History

You hit the bat. You bite the bat.
You kill the bat!
A worm comes into view.
You see here a bat corpse.
Found 11 gold pieces.
You hit the worm.
The worm is lightly wounded.
You puncture the worm!
The worm is heavily wounded.
The worm bites you!
* * * LOW HITPOINT WARNING * * *
You hit the worm.
The worm is heavily wounded.
You hit the worm.
The worm is severely wounded.
The worm completely misses you.
You hit the worm.
The worm is severely wounded.
The worm bites you.
You die...

#$# ... #.##
...# #..# #..#
#w.# #@.# #.(#
######..#
#.....†.#
#...#.#####.#
....#.# #.#
...#.## #.#
###.#...# #.#
#...#...####.#


You could see a worm.

Vanquished Creatures
  An adder (D:2)
  An ooze (D:1)
  2 dart slugs (D:1)
  2 leopard geckos (D:1)
  3 goblins (D:1)
  3 hobgoblins (D:1)
  9 jackals (D:2)
  2 bats
  A frilled lizard (D:2)
  3 kobolds (D:2)
  3 rats
30 creatures vanquished.

Notes
Turn   | Place    | Note
-------+----------+-------------------------------------------
     0 | D:1      | An17 the Vine Stalker Wanderer began the quest for the Orb.
     0 | D:1      | An17 set off with the following items: a +2 dagger, a
                  | scroll of blinking, a +0 hand axe, a wand of random effects
                  | (15), a +0 robe, a ration
     0 | D:1      | Reached XP level 1. HP: 11/11 MP: 2/2
   124 | D:1      | Reached XP level 2. HP: 14/16 MP: 1/3
   620 | D:1      | Reached XP level 3. HP: 17/19 MP: 2/4
   989 | D:2      | Reached skill level 1 in Short Blades
  1134 | D:2      | Slain by a worm

Levels and vault maps discovered:
D:1:      dpeg_arrival_court, layout_basic, serial_glass, glass_columns_b,
          glass_columns_b, glass_columns_a, glass_columns_b
D:2:      layout_loops_ring, uniq_jessica

Skill      XL: |  1  2  3 |
---------------+----------+-----
Fighting       | 2 |  2.9
Short Blades   | 1 |  1.2
Crossbows      | |  3.6
Armour         | |  1.6
Dodging        | |  0.3
Stealth        | |  1.8
Evocations     | |  1.0

Action                   || total
-------------------------++-------
Melee: Dagger            ||   127
       Bite              ||    32
  Use: Scroll            ||     5
Armor: Robe              ||     5
       Scale mail        ||    23
Dodge: Dodged            ||    69

Table legend:
 A = Non-vault XP
 B = Vault XP
 C = Vault XP percentage of total XP
 D = Non-vault monster count
 E = Vault monster count
 F = Vault count percentage of total count
                 A         B        C        D         E       F
            +---------+---------+-------+---------+---------+-------
      Total |      75 |       0 |   0.0 |      30 |       0 |   0.0
            +---------+---------+-------+---------+---------+-------
        D:1 |      36 |       0 |   0.0 |      14 |       0 |   0.0
        D:2 |      39 |       0 |   0.0 |      16 |       0 |   0.0
            +---------+---------+-------+---------+---------+-------
